Cogmind - Beta 14 @@@ ROGUE MODE // 2025.03.18 @ 15:54:49 Player: canerib Result: Self-destructed Performance ------------- Evolutions (2) 1000 Regions Visited (4) 800 Robots Destroyed (37) 185 Value Destroyed (934) 934 Prototype IDs (1) 20 Alien Tech Used (0) 0 Bonus (0) 0 TOTAL SCORE: 2939 Bonus ------- None Cogmind --------- Core Integrity 229/550 Matter 300/300 Energy 220/280 System Corruption 1% Temperature Cool (76) Movement Walking (330) Ox3 Location -8/Materials Parts ------- > --- POWER (1) -------- Cooled Ion Engine > --- PROPULSION (4) --- Aluminum Leg > --- UTILITY (4) ------ Large Storage Unit > --- WEAPON (2) ------- Pulse Rifle > --- INVENTORY (15) --- Cooled Ion Engine Aluminum Leg Aluminum Leg Improved Aluminum Leg Improved Heat Sink Light Assault Rifle Light Assault Rifle Rocket Launcher Stasis Trap (100%) Stasis Trap (100%) Stasis Trap (100%) Peak State ------------ > --- POWER ------------ Cooled Ion Engine > --- PROPULSION ------- Aluminum Leg Aluminum Leg Aluminum Leg Improved Aluminum Leg > --- UTILITY ---------- Large Storage Unit Signal Interpreter Heavy Armor Plating > --- WEAPON ----------- Spread Laser Spread Laser > --- INVENTORY -------- Cooled Ion Engine Aluminum Leg Aluminum Leg Aluminum Leg Improved Aluminum Leg Improved Heat Sink Light Assault Rifle Light Assault Rifle Rocket Launcher Stasis Trap Stasis Trap Stasis Trap [Rating: 21] Favorites ----------- Power Light Ion Engine Engine Light Ion Engine Power Core Light Nuclear Core Propulsion Light Treads Treads Light Treads Leg Aluminum Leg Utility Improved Terrain Scanner Device Improved Terrain Scanner Storage Large Storage Unit Processor Signal Interpreter Protection Heavy Armor Plating Weapon Spread Laser Energy Gun Spread Laser Ballistic Gun Light Assault Rifle Ballistic Cannon Flak Cannon Build | -11 -10 -10 -9 -8 ------- Run | Yrd Mat Min Mat Mat Slots Evolved 4 | . . . 2 2 Power . | . . . . . Propulsion 2 | . . . . 2 Utility 2 | . . . 2 . Weapon . | . . . . . Parts Attached 40 | 8 2 8 13 9 Power 6 | 1 . 1 2 2 Engine 5 | 1 . 1 2 1 Core 1 | . . . . 1 Reactor . | . . . . . Propulsion 15 | 3 1 2 6 3 Treads 5 | 2 1 2 . . Leg 10 | 1 . . 6 3 Wheel . | . . . . . Hover . | . . . . . Flight . | . . . . . Utility 9 | 2 . 2 2 3 Device 4 | 1 . 1 1 1 Storage 2 | 1 . 1 . . Processor 2 | . . . 1 1 Hackware . | . . . . . Protection 1 | . . . . 1 Artifact . | . . . . . Weapon 10 | 2 1 3 3 1 Energy Gun 5 | 1 1 . 2 1 Energy Cannon . | . . . . . Ballistic Gun 4 | 1 . 2 1 . Ballistic Cannon 1 | . . 1 . . Launcher . | . . . . . Special Weapon . | . . . . . Impact Weapon . | . . . . . Slashing Weapon . | . . . . . Piercing Weapon . | . . . . . Special Melee Weapon . | . . . . . Unidentified Prototypes 1 | . . . 1 . Parts Lost 20 | . 1 4 5 10 Power 3 | . . 1 1 1 Propulsion 6 | . . 1 2 3 Utility 6 | . . 1 1 4 Weapon 5 | . 1 1 1 2 Highest Loss Streak 10 | . 1 4 3 10 To Critical Strikes . | . . . . . Average Slot Usage (%) 95 | . 99 98 93 86 Engine 10 | . 14 13 9 2 Treads 13 | . 28 28 3 . Leg 11 | . . . 17 35 Device 15 | . 14 13 19 7 Storage 12 | . 14 14 11 9 Processor 6 | . . . 11 9 Energy Gun 9 | . 13 1 11 15 Ballistic Gun 8 | . 14 13 5 . Ballistic Cannon 5 | . . 12 4 . Peak Build Rating 21 | 9 10 14 18 21 Average Rating 13 | 6 9 13 15 17 On Entrance 9 | . 9 9 14 15 Naked Turns . | . . . . . Heaviest Build 46 | 12 12 31 36 46 Greatest Support 43 | 40 40 42 42 43 Greatest Overweight (x) 3 | 1 . . 3 1 Average Overweight (x) . | . . . . . Largest Inventory Capacity 15 | 8 8 15 15 15 Average Capacity 13 | 7 8 14 15 15 Most Carried 15 | 4 8 10 15 15 Average Carried 9 | 2 6 8 11 13 Final Capacity 15 | 8 8 15 15 15 Final Carried 15 | 4 7 10 15 11 Class Distribution -------------------- 63% | Mutant 21% | Skirmisher 11% | Scavenger-Skirmisher 3% | Scavenger-Mutant Dominant Class ---------------- Mutant | -10/Materials Mutant | -10/Mines Skirmisher | -9/Materials Scavenger-Mutant | -8/Materials Resources | -11 -10 -10 -9 -8 ----------- Run | Yrd Mat Min Mat Mat Matter Collected 931 | 234 103 113 421 60 Remotely . | . . . . . Salvage Created 855 | 73 79 40 573 90 Parts 69 | 8 4 9 39 9 Haulers Intercepted 1 | . . . 1 . Recyclers Shooed 1 | . . 1 . . Parts Field Recycled . | . . . . . Retrieved Matter . | . . . . . Parts Self-Destructed . | . . . . . Prevented . | . . . . . Kills | -11 -10 -10 -9 -8 ------- Run | Yrd Mat Min Mat Mat Combat Hostiles Destroyed 31 | . 2 5 19 5 Guns 18 | . 2 1 10 5 Cannons 13 | . . 4 9 . Classes Destroyed 7 | 1 2 2 2 . Tunneler 4 | 4 . . . . Hauler 1 | . . . 1 . Watcher 1 | . 1 . . . Swarmer 11 | . . 3 4 4 Grunt 13 | . 2 1 10 . Sentry 6 | . . . 5 1 Demolisher 1 | . . 1 . . Best Kill Streak 7 | 3 1 5 7 4 Combat Bots Only 7 | . 1 5 7 4 Max Kills in Single Turn 1 | 1 1 1 1 1 Gunslinging . | . . . . . Exploded . | . . . . . Melee . | . . . . . Uniques/NPCs Destroyed . | . . . . . Combat | -11 -10 -10 -9 -8 -------- Run | Yrd Mat Min Mat Mat Hostile Shots Fired 241 | . 31 45 110 55 Missed 63 | . 6 11 33 13 Damage Taken 2984 | . 508 533 887 1056 Core 699 | . 112 135 131 321 Absorbed by Shields 16 | . . . . 16 Core Remaining (%) 56 | 100 . 1 67 . Volleys Fired 121 | 16 26 13 53 13 Largest 2 | 2 2 2 2 2 Hottest 130 | 70 70 84 130 130 Shots Fired 227 | 32 49 20 106 20 Gun 183 | 32 49 12 70 20 Cannon 44 | . . 8 36 . Launcher . | . . . . . Special . | . . . . . Kinetic 128 | 16 26 13 73 . Thermal 99 | 16 23 7 33 20 Explosive . | . . . . . Electromagnetic . | . . . . . Robot Hit Streak 9 | 7 6 3 9 5 Robot Miss Streak 8 | 2 4 6 8 6 Penetration Max . | . . . . . Secondary Targets . | . . . . . Shots Hit Robots 161 | 22 35 9 75 20 Core Hits 115 | 5 9 10 69 22 Critical Kills . | . . . . . Critical Parts Destroyed 1 | . 1 . . . Critical Strikes 4 | 1 3 . . . Burn 3 | 1 2 . . . Destroy 1 | . 1 . . . Melee Attacks . | . . . . . Impact . | . . . . . Slashing . | . . . . . Piercing . | . . . . . Sneak Attacks . | . . . . . Combat Hostiles . | . . . . . Follow-up Attacks . | . . . . . Damage Inflicted 2157 | 229 343 140 1229 216 Guns 1475 | 229 343 21 666 216 Cannons 682 | . . 119 563 . Explosions . | . . . . . Melee . | . . . . . Ramming . | . . . . . Kinetic 1128 | 56 164 119 789 . Thermal 1029 | 173 179 21 440 216 Explosive . | . . . . . Electromagnetic . | . . . . . Impact . | . . . . . Slashing . | . . . . . Piercing . | . . . . . Highest Corruption 1 | . . . 1 1 Average Corruption 1 | . . . 1 1 Corruption Purged . | . . . . . Corruption Blocked . | . . . . . Effects 2 | . . . 2 . Message Errors 1 | . . . 1 . Matter Fused 1 | . . . 1 . Overload Shots . | . . . . . Overflow Damage . | . . . . . Projectiles . | . . . . . Explosions . | . . . . . Melee . | . . . . . Knockbacks 4 | . . 2 2 . Impact . | . . . . . Kinetic 4 | . . 2 2 . Secondary . | . . . . . Self-Inflicted Damage . | . . . . . Shots . | . . . . . Rammed . | . . . . . Targets Rammed . | . . . . . Kicked . | . . . . . Crushed . | . . . . . Highest Temperature 308 | 190 159 52 300 308 Average Temperature 84 | 84 71 19 74 152 Received Heat Transfer 795 | . 195 24 354 222 Effects 2 | . . . 1 1 Energy Bleed 2 | . . . 1 1 Siege Activations . | . . . . . Robots Corrupted . | . . . . . Combat Hostiles . | . . . . . Parts Fried . | . . . . . Impact Corruptions . | . . . . . Robots Melted . | . . . . . Combat Hostiles . | . . . . . Parts Melted 1 | . . . 1 . Heat Transferred 2124 | 592 667 50 530 285 Parts Sabotaged . | . . . . . Parts Stolen . | . . . . . Parts Stripped . | . . . . . Power Chain Reactions . | . . . . . Alert | -11 -10 -10 -9 -8 ------- Run | Yrd Mat Min Mat Mat Peak Influence 370 | 20 60 113 370 223 Initial 93 | . 13 23 . 93 Average 135 | 9 35 82 223 156 Maximum Alert Level 1 | . . . 1 1 Low Security (%) 62 | 100 100 100 17 86 Level 1 37 | . . . 82 13 Level 2 . | . . . . . Level 3 . | . . . . . Level 4 . | . . . . . Level 5 . | . . . . . High Security . | . . . . . Max Security . | . . . . . Squads Dispatched 6 | . . 1 4 1 Investigation 3 | . . 1 2 . Extermination . | . . . . . Reinforcement 3 | . . . 2 1 Assault . | . . . . . Garrison . | . . . . . Intercept . | . . . . . Searches Triggered . | . . . . . Construction Impeded . | . . . . . Haulers Reinforced . | . . . . . Active Scanning Responses . | . . . . . Cargo Convoy Interrupts . | . . . . . Stealth | -11 -10 -10 -9 -8 --------- Run | Yrd Mat Min Mat Mat Distress Signals . | . . . . . Communications Jammed . | . . . . . Distress Signals . | . . . . . Times Spotted 47 | . 8 6 23 10 Peak Tracking Total 5 | . 4 5 4 4 Tactical Retreats 3 | . . . 2 1 Traps | -11 -10 -10 -9 -8 ------- Run | Yrd Mat Min Mat Mat Traps Triggered 3 | . . . 2 1 Indirectly . | . . . . . Trap Hack Attempts . | . . . . . Triggered . | . . . . . Disarmed . | . . . . . Reprogrammed . | . . . . . Reused . | . . . . . Traps Extracted . | . . . . . Installed . | . . . . . Triggered . | . . . . . Most Traps Carried 3 | . . 3 3 3 Machines | -11 -10 -10 -9 -8 ---------- Run | Yrd Mat Min Mat Mat Machines Disabled . | . . . . . Max in Single Turn . | . . . . . Machines Repaired . | . . . . . Machines Dismantled . | . . . . . Machines Sabotaged . | . . . . . Overloaded Fab Kills . | . . . . . Hacking | -11 -10 -10 -9 -8 --------- Run | Yrd Mat Min Mat Mat Machines Accessed 4 | . . 1 2 1 Terminals 1 | . . . 1 . Fabricators . | . . . . . Repair Stations . | . . . . . Recycling Units . | . . . . . Scanalyzers 2 | . . . 1 1 Garrison Access . | . . . . . Total Hacks 12 | . . 1 9 2 Successful 9 | . . 1 6 2 Failed 3 | . . . 3 . Catastrophic 1 | . . . 1 . Database Lockouts . | . . . . . Manual 2 | . . . 2 . Terminals 2 | . . . 2 . Fabricators . | . . . . . Repair Stations . | . . . . . Recycling Units . | . . . . . Scanalyzers 9 | . . . 7 2 Garrison Access . | . . . . . Terminal Hacks 1 | . . 1 . . Open Door 1 | . . 1 . . Fabricator Hacks . | . . . . . Repair Station Hacks . | . . . . . Recycling Unit Hacks . | . . . . . Scanalyzer 8 | . . . 6 2 Insert Component 4 | . . . 3 1 Analyze 4 | . . . 3 1 Garrison Access Hacks . | . . . . . Unauthorized Hacks . | . . . . . Terminals . | . . . . . Fabricators . | . . . . . Repair Stations . | . . . . . Recycling Units . | . . . . . Scanalyzers . | . . . . . Garrison Access . | . . . . . Data Cores Recovered . | . . . . . Used . | . . . . . Hacking Detections 3 | . . . 2 1 Full Trace Events 1 | . . . 1 . Feedback Events . | . . . . . Feedback Blocked . | . . . . . Robot Schematics Acquired . | . . . . . Robots Built . | . . . . . Authchips . | . . . . . Time . | . . . . . Total Robot Build Rating . | . . . . . Part Schematics Acquired 3 | . . . 2 1 Parts Built . | . . . . . Authchips . | . . . . . Time . | . . . . . Total Part Build Rating . | . . . . . Parts Repaired . | . . . . . Time . | . . . . . Parts Recycled . | . . . . . Recycled Matter . | . . . . . Retrieved Matter . | . . . . . Retrieved Components . | . . . . . Parts Scanalyzed 4 | . . . 3 1 Part Schematics Acquired 3 | . . . 2 1 Parts Damaged . | . . . . . Bothacking | -11 -10 -10 -9 -8 ------------ Run | Yrd Mat Min Mat Mat Used RIF Installer . | . . . . . Robots Hacked . | . . . . . Non-combat . | . . . . . Combat . | . . . . . Robot Hacks Applied . | . . . . . Relay Couplers Released . | . . . . . Fabnet Peak Effective % . | . . . . . Robots Rewired . | . . . . . Allies Hacked . | . . . . . Hacks Repelled . | . . . . . Allies | -11 -10 -10 -9 -8 -------- Run | Yrd Mat Min Mat Mat Total Allies . | . . . . . Largest Group . | . . . . . Highest-Rated Group . | . . . . . Highest-Rated Ally . | . . . . . Total Orders . | . . . . . Ally Attacks . | . . . . . Total Damage . | . . . . . Kills . | . . . . . Allies Corrupted . | . . . . . Allies Melted . | . . . . . Intel | -11 -10 -10 -9 -8 ------- Run | Yrd Mat Min Mat Mat Robot Analysis Total . | . . . . . Derelict Logs Recovered 2 | . . 2 . . Drone Launches . | . . . . . Drone Recoveries . | . . . . . Exploration | -11 -10 -10 -9 -8 ------------- Run | Yrd Mat Min Mat Mat Turns Passed 2083 | 194 340 480 914 155 Spaces Moved 996 | 90 162 285 383 76 Core 6 | 6 . . . . Treads 570 | 71 162 285 52 . Legs 420 | 13 . . 331 76 Wheels . | . . . . . Hover . | . . . . . Flight . | . . . . . Fastest Speed 50 | 50 160 152 152 120 Average Speed 164 | 149 160 152 188 122 Slowest Speed 330 | 160 160 160 330 190 Overloaded Moves . | . . . . . Propulsion Burnouts . | . . . . . Robots Hopped . | . . . . . Cave-ins Triggered . | . . . . . Exploration Rate (%) 29 | 6 32 65 32 11 Regions Visited 4 Branch Regions 1 Pre-discovered Areas 1 | . . 1 . . Known Exits Taken 1 | . . . 1 . Unknown Exits Taken 3 | 1 1 1 . . Scrap Searched 1 | . . 1 . . Spaces Dug . | . . . . . Terrain Destroyed . | . . . . . Melee . | . . . . . Projectile . | . . . . . AOE . | . . . . . Terrain Rammed . | . . . . . Walls Destroyed . | . . . . . Machines Disabled . | . . . . . Actions | -11 -10 -10 -9 -8 --------- Run | Yrd Mat Min Mat Mat Total 1210 | 117 199 311 468 115 Wait 36 | . 7 . 13 16 Move 992 | 89 161 284 382 76 Hop . | . . . . . Pick Up 16 | 3 3 5 4 1 Fast Attach 15 | 8 . . 5 2 Attach 13 | . 1 4 3 5 Detach 1 | 1 . . . . Swap 12 | . 1 4 5 2 Drop 4 | . . 1 3 . Fire 121 | 16 26 13 53 13 Melee . | . . . . . Ram . | . . . . . Kick . | . . . . . Crush . | . . . . . Escape Stasis . | . . . . . Rewire . | . . . . . Trap . | . . . . . Miscellaneous . | . . . . . Route ------- -11/Scrapyard -10/Materials -10/Mines -9/Materials (discovered 2 exits: *Mat / *Min) -8/Materials (discovered 1 exit: [*Sto]) History --------- Turn | Location | Event 14 | -11/Scrapyard | Discovered new exit (range 15) 195 | -11/Scrapyard | Entered Materials 310 | -10/Materials | Build established: Mutant 468 | -10/Materials | Discovered new exit (range 12) 535 | -10/Materials | Entered Mines 538 | -10/Mines | Assembled infested the area 543 | -10/Mines | Met a Derelict shopkeep closing up shop 543 | -10/Mines | Assisted by a Guerilla fighting off Assembled 581 | -10/Mines | Core integrity fell below 50% 583 | -10/Mines | Core integrity fell below 20% 634 | -10/Mines | Lost 4 parts (1p1n1u1w) 675 | -10/Mines | Learned Materials terminal intel 675 | -10/Mines | Discovered new exit (range 5) 795 | -10/Mines | Found a hidden stash of uninstalled traps 1015 | -10/Mines | Entered Materials 1015 | -9/Materials | Evolved 2 slots: Utility x2 1016 | -9/Materials | Loaded intel: 11 terminal locations 1186 | -9/Materials | Destroyed 7 combat bots 1195 | -9/Materials | Lost 3 parts (1p2n) 1511 | -9/Materials | Discovered new exit (range 16) 1541 | -9/Materials | Identified exit to Materials 1747 | -9/Materials | Discovered new exit (range 10) 1762 | -9/Materials | Identified exit to Mines 1929 | -9/Materials | Entered another Materials area 1929 | -8/Materials | Evolved 2 slots: Propulsion x2 2026 | -8/Materials | Discovered new exit (range 10) 2069 | -8/Materials | Core integrity fell below 50% 2084 | -8/Materials | Self-destructed Last Messages --------------- 02068_ Acquired 16 matter. 02068_ U-05 Engineer builds a Wall. 02068_ Penetrated by Slug. 02070_ Critical hit (Burn: +37). 02071_ K-01 Serf collects debris. 02071_ Acquired Pulse Rifle. 02071_ U-05 Engineer builds a Wall. 02072_ Knocked back. 02073_ U-05 Engineer builds a Wall. 02077_ K-01 Serf collects debris. 02077_ Hvy. Armor Plating destroyed. 02080_ U-05 Engineer builds a Door. 02081_ R-06 Scavenger collects Lgt. Armor Plating. 02083_ Aluminum Leg destroyed. 02084_ Penetrated by Slug. 02084_ Imp. Aluminum Leg destroyed. 02084_ Aluminum Leg destroyed. 02084_ Signal Interpreter destroyed. 02084_ Critical hit (Blast). Map ----- +----------------------------------------------------+ | ?????????????????????????????? ""???????????????? | | ?????????????????????????????? """??????????????? | | ?????????????????????????????# ""??????????????? | | ?????????????????????????????# ????? ????????? | | ?????????????????????????????# ????? = ??????? | | ?????????????????????????????# ""???? ??????? | | ?????????????????????????????# """"?? ??????? | | ?????????????????????????????# """"" ?????? | | ????????????????####????????## """"" ?????? | | ??????????????### ####### """ ?????? | | ????????????? % ?????? | | ????????????? < ????? | | ????????????? [% ?????? | | ????????????????# ####### Hu ###????????????? | | ????????????????????????????#g #??????????????? | | ??????????????????########### g g #??????????????? | | ??????????????????# ^ = ########???????? | | ??????????????????# %!%=###!!!!##??????? | | ??????????????????# *^!^ ! %##! !#??????? | | ??????????????????# [!! ![=## #??????? | | ??????????????????# [! !% ## ######## | | ??????????????????# # | | ??????????????????# [ # | | ??????????????????# u [ % # | | ?????????????????## % # ##+######+### + | | ?????????? @ # # =[=!# # | | ?????????? + %#[ # # | | ?????????????#+####+#+##;##### *+% # ### | | ??????????????????????? ????# =#! #####?? | | ?????????????????????? ! ????# = # #?????? | | ????????????????????? ????# #! /[ #?????? | | ????????????????????? ?????###############?????? | | ???????????????????? ?????????????????????????? | | ????????????????????####?????????????????????????? | | | | | | | | | | | | | | | | | | | | | | | | | | | | | | | | | +----------------------------------------------------+ Best States ------------- Heat Dissipation 31 Energy Generation 14 Energy Capacity 280 Matter Stores 300 Matter Capacity 300 Sight Range 16 Robot Scan Range 14 Terrain Scan Range 16 Terrain Scan Density 10 Armor Coverage 600 Evasion (%) 55 Recoil Reduction 2 Item Schematics ----------------- Hvy. Armor Plating | -9/Materials | Scanalyzed Lgt. Treads | -9/Materials | Scanalyzed Imp. Aluminum Leg | -8/Materials | Scanalyzed Robot Schematics ------------------ None Fabricated ------------ Nothing Alien Tech Used ----------------- None Achievements -------------- None Challenges ------------ None Game ------ Seed CommChipFirepult Manual? 0 Play Time 00:15:48 Cumulative 76.8 hours Start 2025.03.18 @ 15:38:36 End 2025.03.18 @ 15:54:49 Sessions 3 Manual Loads 0 Difficulty Rogue Special Mode None Game No. 117 Rogue 117 Adventurer 0 Explorer 0 Win Type - Total 1 Types 1/0/0/0/0/0/0/0/0 Lore% 30 Gallery% 46 Achievement% 39 Wizard Run 0 Options --------- Layout 1 ASCII 1 Keyboard 0 Movement Numpad Keybinds 0 Fullscreen 1 Font 24/Smallcaps Map View 50x35 Zoom Use 0% Tactical HUD 1 Map Filters NONE Filters NONE Steam 1 RUN: fd165973-6a41-432e-9bbc-8b71393677b2